 Dungeon Crawl Stone Soup version 0.24.0-37-gcf1ca852f1 (console) character file.

Game seed: 8623948941961122939, levelgen mode: deterministic

123 bli the Slasher (level 4, -1/35 HPs)
             Began as a Demonspawn Monk on Nov 24, 2019.
             Was a Believer of Wu Jian.
             Slain by an orc priest
             ... wielding a +0 short sword
              (2 damage)
             ... on level 3 of the Dungeon.
             The game lasted 00:07:52 (2529 turns).

bli the Slasher (Demonspawn Monk)                   Turns: 2529, Time: 00:07:53

Health: -1/35      AC:  2    Str: 11    XL:     4   Next: 79%
Magic:  0/4        EV: 14    Int: 11    God:    Wu Jian [**....]
Gold:   226        SH:  0    Dex: 17    Spells: 3/3 levels left

rFire    x . .     SeeInvis .   a - +0 falchion
rCold    + . .     Gourm    .   (no shield)
rNeg     . . .     Faith    .   b - +0 robe
rPois    .         Spirit   +   (no helmet)
rElec    .         Reflect  .   (no cloak)
rCorr    .         Harm     .   (no gloves)
MR       .....                  (no boots)
Stlth    ++........             (no amulet)
HPRegen  0.11/turn              j - ring of ice
MPRegen  0.18/turn              (no ring)

@: no status effects
A: magic shield, magic regeneration
a: Wall Jump, Renounce Religion


You were on level 3 of the Dungeon.
You worshipped Wu Jian.
Wu Jian was pleased with you.
You were not hungry.

You visited 1 branch of the dungeon, and saw 3 of its levels.

You collected 226 gold pieces.

Inventory:

Hand Weapons
 a - a +0 falchion (weapon)
 n - a +7 club
 u - a +2 dagger of freezing
Missiles
 f - 28 poisoned darts (quivered)
Armour
 b - a +0 robe (worn)
 i - a +0 ring mail
Jewellery
 j - a ring of ice (left hand)
Scrolls
 e - 3 scrolls of remove curse {unknown}
 g - 6 scrolls of identify {unknown}
 l - 2 scrolls of teleportation {unknown}
Potions
 d - a potion of agility {unknown}
 h - a potion of cancellation {unknown}
 k - a potion of lignification {unknown}
 m - a potion of berserk rage {unknown}
 o - 3 potions of flight {unknown}
 p - 2 potions of ambrosia {unknown}
 r - a potion of mutation {unknown}
 s - a potion of haste {unknown}
 t - a potion of heal wounds {unknown}
Comestibles
 c - 9 rations
 q - 6 chunks of flesh


   Skills:
 + Level 3.4 Fighting
 + Level 4.0 Long Blades
 * Level 3.4 Dodging
 + Level 2.3 Stealth


You had 3 spell levels left.
You didn't know any spells.
Your spell library was empty.

Dungeon Overview and Level Annotations

Branches:
Dungeon (3/15)

Altars:
Dithmenos
Trog
Wu Jian


Innate Abilities, Weirdness & Mutations

When hurt, damage is shared between your health and your magic reserves.
You regenerate magic rapidly.


Message History

The orc priest closely misses you. The orc priest barely misses you.
You riposte.
You hit the orc priest.
The orc priest is moderately wounded.
You barely miss the orc priest.
The orc priest is moderately wounded.
The orc priest completely misses you.
You riposte.
You hit the orc priest.
The orc priest is moderately wounded.
The orc priest hits you with a +0 short sword.
* * * LOW HITPOINT WARNING * * *
You hit the orc priest.
The orc priest is moderately wounded.
The orc priest barely misses you. The orc priest misses you.
You barely miss the orc priest.
The orc priest is moderately wounded.
The orc priest hits you with a +0 short sword.
* * * LOW HITPOINT WARNING * * *
The orc priest closely misses you.
You hit the orc priest.
The orc priest is moderately wounded.
The orc priest hits you with a +0 short sword.
You die...

....#.#
.....)#
...####
###
##.#
..# #.#
#.#
##.#
#.#
...#
#.#
##.#
#)# #.#
#.# #.#
#o###
#.#
#o@.#
#.#
###.#
#.# #.#
#.# #.#
#[# #.#
#.#
###[###
#.#
#.....#
##.#
#.###.#
...#
#.# #.#
####
#.###.#
#.....#


You could see 2 orc priests.

Vanquished Creatures
  Jessica (D:2)
  2 adders (D:3)
  2 dart slugs (D:1)
  2 worms
  A leopard gecko (D:2)
  4 orcs (D:3)
  A ball python (D:2)
  9 giant cockroaches
  9 goblins
  10 hobgoblins
  3 jackals (D:1)
  3 kobolds
  A quokka (D:3)
  5 bats
  2 frilled lizards (D:2)
  4 rats (D:2)
59 creatures vanquished.

Notes
Turn   | Place    | Note
-------+----------+-------------------------------------------
     0 | D:1      | bli the Demonspawn Monk began the quest for the Orb.
     0 | D:1      | Reached XP level 1. HP: 18/18 MP: 1/1
   175 | D:1      | Reached skill level 3 in Long Blades
   175 | D:1      | Gained mutation: When hurt, damage is shared between your
                  | health and your magic reserves. [demonic ancestry]
   175 | D:1      | Reached XP level 2. HP: 6/24 MP: 2/2
  1091 | D:2      | Found a bloodstained altar of Trog.
  1193 | D:2      | Reached XP level 3. HP: 29/29 MP: 3/3
  1234 | D:2      | Noticed Jessica
  1243 | D:2      | Killed Jessica
  1300 | D:2      | Found an ornate altar of the Wu Jian Council.
  1319 | D:2      | Became a worshipper of the Wu Jian Council
  1319 | D:2      | Reached * piety under Wu Jian
  1319 | D:2      | Reached ** piety under Wu Jian
  1406 | D:2      | Gained mutation: You regenerate magic rapidly. [demonic
                  | ancestry]
  1406 | D:2      | Reached XP level 4. HP: 12/35 MP: 2/4
  1528 | D:2      | Found a shadowy altar of Dithmenos.
  2208 | D:3      | Reached skill level 4 in Long Blades
  2528 | D:3      | HP: 1/35 [orc priest/+0 short sword (3)]
  2529 | D:3      | Slain by an orc priest

Levels and vault maps discovered:
D:1:      psy_arrival_conway, layout_basic, minmay_tripent
D:2:      layout_basic, bloody_trog, nicolae_overflow_crystal_walls,
          lemuel_doored_altar, first_ration, minmay_heptomino_d4, uniq_jessica
D:3:      layout_loops_ring, minmay_misc_feat_tiny, uniq_crazy_yiuf_cottage

Skill      XL: |  1  2  3  4 |
---------------+-------------+-----
Long Blades    | 3 4 |  4.0
Dodging        | 3 |  3.4
Stealth        | 2 |  2.3
Fighting       | |  3.4

Action                   |  1- 3 |  4- 6 || total
-------------------------+-------+-------++-------
Melee: Falchion          |    97 |    98 ||   195
Invok: Whirlwind         |     4 |    29 ||    33
       Lunge             |     2 |    26 ||    28
 Stab: Sleeping          |     2 |     5 ||     7
       Distracted        |       |     1 ||     1
  Eat: Chunk             |     2 |     3 ||     5
Armor: Robe              |    27 |     7 ||    34
Dodge: Dodged            |    86 |    64 ||   150
       Rpst.: Falchion   |    26 |    21 ||    47
